 Dungeon Crawl Stone Soup version 0.18.1-8-gdd0e5ea (webtiles) character file.

593 Hipnos the Geomancer (level 7, 0/36 HPs)
             Began as a Gargoyle Earth Elementalist on May 31, 2016.
             Slain by an ogre
             ... wielding a +0 giant club
              (25 damage)
             ... on level 3 of the Dungeon.
             The game lasted 00:11:33 (2999 turns).

Hipnos the Geomancer (Gargoyle Earth Elementalist)  Turns: 2999, Time: 00:11:34

Health: 0/36       AC:  7    Str: 12    XL:     7   Next: 39%
Magic:  12/13      EV: 12    Int: 17    God:
Gold:   192        SH:  0    Dex: 10    Spells: 4 memorised, 4 levels left

rFire  . . .     SeeInvis .     (no weapon)
rCold  . . .     Gourm    .     y - +1 robe {MR+}
rNeg   + . .     Faith    .     (no shield)
rPois  ∞         Spirit   .     (no helmet)
rElec  +         Dismiss  .     (no cloak)
rCorr  .         Reflect  .     (no gloves)
SustAt .         Harm     .     (no boots)
MR     +....                    i - amulet of magic regeneration
Stlth  ++........               (no ring)
                                (no ring)

@: somewhat resistant to hostile enchantments, unstealthy
A: negative energy resistance 1, electricity resistance, unbreathing,
petrification resistance, rot immunity, AC +4
a: no special abilities


You were on level 3 of the Dungeon.
You were not hungry.

You visited 1 branch of the dungeon, and saw 4 of its levels.

You collected 192 gold pieces.

Inventory:

Hand Weapons
 k - a +0 whip
Armour
 a - a +0 robe
 x - a +0 leather armour
 y - a +1 robe of magic resistance (worn)
Jewellery
 i - an amulet of magic regeneration (around neck)
Scrolls
 h - 5 scrolls of identify {unknown}
 j - 3 scrolls of enchant weapon {unknown}
 m - a scroll of magic mapping {unknown}
 o - 2 scrolls of recharging {unknown}
 q - a scroll of fog {unknown}
 v - a scroll of enchant armour {unknown}
 z - a scroll of remove curse {unknown}
 A - a scroll of amnesia {unknown}
Potions
 e - 2 potions of curing {unknown}
 f - a potion of brilliance {unknown}
 g - a potion of flight {unknown}
 l - a potion of magic {unknown}
 r - a potion of berserk rage {unknown}
 t - a potion of haste {unknown}
Books
 c - a book of Geomancy

   Spells                             Type                      Level
   a - Sandblast                      Earth                        1
   b - Passwall                       Transmutation/Earth          2
   c - Stone Arrow                    Conjuration/Earth            3
   d - Petrify                        Transmutation/Earth          4
   e - Lee's Rapid Deconstruction     Earth                        5
Comestibles
 b - a royal jelly
 d - 3 bread rations
 n - a meat ration
 p - a beef jerky
 u - 3 fruits
 w - 5 chunks of flesh


   Skills:
 + Level 2.3 Dodging
 - Level 2.1 Stealth
 + Level 4.3 Spellcasting
 + Level 0.7 Transmutations
 * Level 8.1 Earth Magic


You had 4 spell levels left.
You knew the following spells:

 Your Spells              Type           Power        Failure   Level  Hunger
a - Sandblast             Erth           ####..       1%          1    None
b - Passwall              Trmt/Erth      ###.......   3%          2    ##.....
c - Stone Arrow           Conj/Erth      ###...       10%         3    ###....
d - Petrify               Trmt/Erth      ###.....     24%         4    ####...


Dungeon Overview and Level Annotations

Branches:
Dungeon (4/15)
 Temple: D:4-7

Altars:
Ru

Shops:
D:4 *


Innate Abilities, Weirdness & Mutations

You are resistant to torment.
Your stone body is resilient (AC +4).
You are immune to poison.
You resist negative energy.
You are resistant to electric shocks.
You can survive without breathing.
You are immune to petrification.
You are immune to rotting.


Message History

The blast of sand hits the ogre.
The ogre is heavily wounded.
Casting: Sandblast
Confirm with . or Enter, or press ? or * to list all spells.
Aiming: Sandblast
Press: ? - help, Shift-Dir - straight line, f/p - ogre
Aim: an ogre, wielding a giant club (heavily wounded)
The blast of sand hits the ogre.
The ogre is heavily wounded.
The ogre hits you with a giant club!!
Ouch! That really hurt!
* * * LOW HITPOINT WARNING * * *
Drink which item? (? for menu, Esc to quit)
You feel much better. The ogre hits you with a giant club!!
Ouch! That really hurt!
* * * LOW HITPOINT WARNING * * *
Drink which item? (? for menu, Esc to quit)
You feel much better. The ogre hits you with a giant club!!
Ouch! That really hurt!
You die...

#.......# #..# #..# #.......#
#..# #..# #.......###..# #..#
##..#.#.##....######..#
#.......##.>..........#
#...#...[.(.#.#####.#.#
#...######.##.# #...#
########.>.######.##.# ##..#
............[..O@....# #..#
.#######(..######.#### #..# .#
#...# #.#########..# .####
#...# #.##.........#
<##.####...######.##.####.####
...).................# #.#
........##.########### #.#
........##.####### #.#
.................# #.#


You could see an ogre.

Vanquished Creatures
  Sigmund (D:3)
  A howler monkey (D:3)
  A hound (D:3)
  Ijyb (D:2)
  An iguana (D:3)
  3 orc wizards
  A worker ant (D:3)
  11 adders
  3 worms
  2 dart slugs
  2 giant geckos
  7 orcs (D:3)
  2 giant cockroaches
  11 goblins
  9 hobgoblins
  10 jackals
  9 kobolds
  A quokka (D:3)
  A ball python (D:1)
  11 bats
  3 giant newts
  5 rats
96 creatures vanquished.

Notes
Turn   | Place    | Note
--------------------------------------------------------------
     0 | D:1      | Hipnos the Gargoyle Earth Elementalist began the quest for the Orb.
     0 | D:1      | Reached XP level 1. HP: 10/10 MP: 3/3
   248 | D:1      | Reached skill level 4 in Earth Magic
   261 | D:1      | Reached XP level 2. HP: 14/15 MP: 0/5
   715 | D:1      | Reached XP level 3. HP: 19/19 MP: 3/6
  1174 | D:2      | Reached skill level 5 in Earth Magic
  1211 | D:2      | Reached XP level 4. HP: 17/24 MP: 4/7
  1218 | D:2      | Learned a level 2 spell: Passwall
  1222 | D:2      | Learned a level 3 spell: Stone Arrow
  1479 | D:2      | Found a sacrificial altar of Ru.
  1498 | D:2      | Reached XP level 5. HP: 28/28 MP: 0/9
  1680 | D:2      | Noticed Ijyb
  1692 | D:2      | Killed Ijyb
  1692 | D:2      | Reached skill level 6 in Earth Magic
  1756 | D:2      | Learned a level 4 spell: Petrify
  2173 | D:3      | Noticed Sigmund
  2184 | D:3      | Killed Sigmund
  2184 | D:3      | Reached skill level 7 in Earth Magic
  2184 | D:3      | Reached XP level 6. HP: 28/32 MP: 2/11
  2315 | D:3      | Reached XP level 7. HP: 30/36 MP: 6/12
  2718 | D:4      | Found Gevisid's Assorted Antiques.
  2735 | D:3      | Reached skill level 8 in Earth Magic
  2999 | D:3      | Slain by an ogre

Skill      XL: |  1  2  3  4  5  6  7 |
---------------+----------------------+-----
Earth Magic    | 4 5 7 8 |  8.1
Spellcasting   | 3 4 |  4.3
Dodging        | 2 |  2.3
Stealth        | |  2.1
Transmutations | |  0.7

Action                   |  1- 3 |  4- 6 |  7- 9 || total
-------------------------+-------+-------+-------++-------
Melee: Unarmed           |    22 |       |       ||    22
 Cast: Sandblast         |    58 |    89 |    61 ||   208
  Use: Potion            |       |       |     3 ||     3
  Eat: Chunk             |     2 |     3 |     2 ||     7
Armor: Robe              |    13 |     9 |    35 ||    57
Dodge: Dodged            |    41 |    16 |    41 ||    98
